 Dungeon Crawl Stone Soup version 0.17-a0-1409-ge6d9485 (webtiles) character file.

65 Gruud the Grave Robber (level 3, 0/36 HPs)
             Began as a Demonspawn Necromancer on June 22, 2015.
             Succumbed to an adder's poison
             ... on level 3 of the Dungeon.
             The game lasted 00:09:26 (1543 turns).

Gruud the Grave Robber (Demonspawn Necromancer)     Turns: 1543, Time: 00:09:26

Health: 0/36       AC: 22    Str:  8    XL:     3   Next: 92%
Magic:  0/7        EV:  2    Int: 17    God:
Gold:   55         SH:  0    Dex: 13    Spells: 3 memorised, 2 levels left

rFire  . . .     SeeInvis .     q - +0 flail
rCold  + . .     Clarity  .     (armour currently unavailable)
rNeg   + + +     SustAt   .     (no shield)
rPois  +         Gourm    .     (helmet currently unavailable)
rElec  .         Spirit   .     (cloak currently unavailable)
rCorr  .         Warding  .     (gloves currently unavailable)
rMut   .         NoTele   +     (boots currently unavailable)
MR     .....                    (no amulet)
Stlth  ++........               w - +1 ring of protection
                                u - ring of protection from cold

@: lethally poisoned (0 -> -2), tree-form, not resistant to hostile
enchantments, unstealthy
A: (antennae 0)
a: no special abilities


You were on level 3 of the Dungeon.
You were not hungry.
You were a tree.
You visited 1 branch of the dungeon, and saw 3 of its levels.

You collected 55 gold pieces.

Inventory:

Hand weapons
 e - a +0 dagger
 q - a +0 flail (weapon)
 s - a +0 short sword
Missiles
 h - 11 poisoned needles
 l - 69 sling bullets
 n - 46 stones (quivered)
 v - a throwing net
Armour
 a - a +0 robe
 k - a +1 ring mail (melded)
Jewellery
 u - a ring of protection from cold (left branch)
 w - a +1 ring of protection (right branch)
Scrolls
 i - a scroll of fear {unknown}
 p - a scroll of recharging {unknown}
 t - a scroll of amnesia
Potions
 g - a potion of agility
 m - a potion of cure mutation
Books
 b - a book of Necromancy

   Spells                             Type                      Level
   a - Pain                           Necromancy                   1
   b - Animate Skeleton               Necromancy                   1
   c - Vampiric Draining              Necromancy                   3
   d - Regeneration                   Charms/Necromancy            3
   e - Animate Dead                   Necromancy                   4
   f - Control Undead                 Necromancy                   4
Comestibles
 c - 2 bread rations
 d - a slice of pizza
 j - 2 meat rations


   Skills:
 - Level 1.7 Dodging
 - Level 1.7 Stealth
 + Level 2.9 Spellcasting
 * Level 5.4 Necromancy


You had 2 spell levels left.
You knew the following spells:

 Your Spells              Type           Power        Failure   Level  Hunger
a - Pain                  Necr           ###.         1%          1    None
b - Animate Skeleton      Necr           N/A          1%          1    None
c - Vampiric Draining     Necr           ###.......   8%          3    ###....


Dungeon Overview and Level Annotations

Branches:
Dungeon (3/15)

Altars:
The Shining One


Innate Abilities, Weirdness & Mutations

((You have a pair of small antennae on your head.))


Message History

* * * LOW HITPOINT WARNING * * *
You are lethally poisoned!
The adder poisons you!
Casting: Pain
Confirm with . or Enter, or press ? or * to list all spells.
Aiming: Pain
Press: ? - help, Shift-Dir - straight line, f/p - adder
Aim: an adder (severely wounded, chance to defeat MR: 85%)
The adder convulses in agony!
You kill the adder!
* * * LOW HITPOINT WARNING * * *
You feel sick.
Drink which item? (? for menu, Esc to quit)
It was a potion of lignification.
You turn into a tree.
Your +1 ring mail melds into your body.
Your roots penetrate the ground.
Drink which item? (? for menu, Esc to quit)
It was a potion of flight.
Your roots keep you in place.
Drink which item? (? for menu, Esc to quit)
Okay, then.
You die...

.....#.# .##
#+#..#...# .. #.#
.. ..# ###+###.#
#.#..# #.#
#.......# #.#).#
#.# #.......#
..#..# #.#
#.......# .....#
#.# #.......#
.....# #.# #†#
#.#..###.# #♣#
#........#######.#
.................#
.........##......#
.....##.###.######
####.##.# #.#
####.##.# #.#
..##.##.. ..#
#.##.#### ###


There were no monsters in sight!

Vanquished Creatures
  2 adders (D:3)
  An ooze (D:3)
  2 worms
  3 giant geckos
  A giant cockroach (D:2)
  3 goblins
  4 hobgoblins
  3 jackals (D:3)
  3 kobolds (D:1)
  A ball python (D:1)
  4 bats
  3 giant newts
  A rat (D:1)
31 creatures vanquished.

Vanquished Creatures (collateral kills)
  A bat (D:1)
1 creature vanquished.

Grand Total: 32 creatures vanquished

Notes
Turn   | Place    | Note
--------------------------------------------------------------
     0 | D:1      | Gruud the Demonspawn Necromancer began the quest for the Orb.
     0 | D:1      | Reached XP level 1. HP: 13/13 MP: 3/3
     2 | D:1      | Learned a level 1 spell: Animate Skeleton
   158 | D:1      | Found a glowing golden altar of the Shining One.
   308 | D:1      | Gained mutation: You have a pair of small antennae on your head. [demonic ancestry]
   308 | D:1      | Reached XP level 2. HP: 16/19 MP: 1/5
   741 | D:2      | Reached skill level 5 in Necromancy
  1024 | D:2      | Reached XP level 3. HP: 16/24 MP: 1/6
  1033 | D:2      | Learned a level 3 spell: Vampiric Draining
  1540 | D:3      | HP: 1/24 [poisoned by an adder]
  1543 | D:3      | Succumbed to an adder's poison

Vault maps used:
D:1:      erik_arrival_triangle_large, columned_hall_lemuel, tso_altar
D:2:      first_bread

Action                   || total
-------------------------++-------
Melee: Club              ||    17
       Unarmed           ||     1
       Flail             ||    38
 Cast: Pain              ||    42
       Animate Skeleton  ||    11
  Use: Scroll            ||     4
       Potion            ||     2
 Stab: Sleeping          ||     2
  Eat: Chunk             ||     3
